NWL (28 & UNDER)
MENLO MANIACS @ BISMARK BORDER GUARDS
07/29/2028
 
TOP OF THE 1ST
Menlo Maniacs batting - Pitching for Bismark Border Guards : RHP Adrián Sandoval
Pitching: RHP Adrián Sandoval
Batting: RHB Manuel Alonso 0-0: Ground out 6-3 (Groundball, 6)
Batting: RHB Currito Campos 0-0: Ball
1-0: Ball
2-0: Ball
3-0: Base on Balls
Batting: LHB Tim Ramsey 0-0: Ball
1-0: Swinging Strike
1-1: Ball
2-1: Fly out, F9 (Line Drive, 9)
Batting: LHB Bernardo Rodríguez 0-0: Ball
1-0: Ball
2-0: Foul Ball, location: 2F
2-1: Ball
3-1: Base on Balls
Currito Campos to second
Batting: RHB Clinton Barton 0-0: Ball
1-0: Called Strike
1-1: SINGLE (Groundball, 6MD)
Currito Campos to third
Bernardo Rodríguez to second
Runner from 3rd tries for Home, SAFE, no throw
Batting: LHB Tristan Walker 0-0: Ball
1-0: Foul Ball, location: 2F
1-1: Foul Ball, location: 2F
1-2: DOUBLE (Line Drive, 78D)
Bernardo Rodríguez scores
Clinton Barton to third
Runner from 3rd tries for Home, SAFE, no throw
Batting: LHB Frank Young 0-0: Called Strike
0-1: Ball
1-1: Ball
2-1: Ball
3-1: Swinging Strike
3-2: Base on Balls
Batting: SHB José Vélez 0-0: Foul Ball, location: 2F
0-1: Foul Ball, location: 2F
0-2: Ball
1-2: Ball
2-2: Ball
3-2: Strikes out swinging
Top of the 1st over - 3 run(s), 2 hit(s), 0 error(s), 2 left on base; Menlo 3 - Bismark 0
BOTTOM OF THE 1ST
Bismark Border Guards batting - Pitching for Menlo Maniacs : RHP Michael Díaz
Pitching: RHP Michael Díaz
Batting: LHB José Delgado 0-0: Called Strike
0-1: Ball
1-1: Fly out, F8 (Flyball, 8RM)
Batting: RHB Alfredo Farías 0-0: Ball
1-0: Fly out, F9 (Flyball, 9)
Batting: RHB Enrique Soto 0-0: Ball
1-0: Fly out, F9 (Flyball, 9LS)
Bottom of the 1st over - 0 run(s), 0 hit(s), 0 error(s), 0 left on base; Menlo 3 - Bismark 0
TOP OF THE 2ND
Menlo Maniacs batting - Pitching for Bismark Border Guards : RHP Adrián Sandoval
Batting: SHB Chris Young 0-0: Ball
1-0: Fly out, F8 (Flyball, 8LD)
Batting: RHB Manuel Alonso 0-0: Swinging Strike
0-1: Foul Ball, location: 2F
0-2: Ball
1-2: Fly out, F8 (Flyball, 89M)
Batting: RHB Currito Campos 0-0: Called Strike
0-1: Swinging Strike
0-2: Ball
1-2: Foul Ball, location: 2F
1-2: Fly out, F7 (Flyball, 7)
Top of the 2nd over - 0 run(s), 0 hit(s), 0 error(s), 0 left on base; Menlo 3 - Bismark 0
BOTTOM OF THE 2ND
Bismark Border Guards batting - Pitching for Menlo Maniacs : RHP Michael Díaz
Batting: RHB Leonard Harris 0-0: Ball
1-0: Foul Ball, location: 2F
1-1: Ball
2-1: Ball
3-1: Called Strike
3-2: Fly out, F9 (Flyball, 9LMF)
Batting: RHB Danny Spode 0-0: Swinging Strike
0-1: Ball
1-1: Foul Ball, location: 2F
1-2: Foul Ball, location: 2F
1-2: Ball
2-2: Ball
3-2: Base on Balls
Batting: RHB Rob Schmidt 0-0: Swinging Strike
0-1: Called Strike
0-2: Strikes out looking
Batting: RHB José Vidal 0-0: Called Strike
0-1: Ball
1-1: Fielders Choice at 2nd, 5-4 (Groundball, 56)
Bottom of the 2nd over - 0 run(s), 0 hit(s), 0 error(s), 0 left on base; Menlo 3 - Bismark 0
TOP OF THE 3RD
Menlo Maniacs batting - Pitching for Bismark Border Guards : RHP Adrián Sandoval
Batting: LHB Tim Ramsey 0-0: Swinging Strike
0-1: Ball
1-1: Ball
2-1: Ball
3-1: Fly out, F7 (Flyball, 7S)
Batting: LHB Bernardo Rodríguez 0-0: Ball
1-0: Ball
2-0: Ball
3-0: Base on Balls
Batting: RHB Clinton Barton 0-0: Called Strike
0-1: Foul Ball, location: 2F
0-2: Ball
1-2: Fly out, F9 (Flyball, 9LMF)
Batting: LHB Tristan Walker 0-0: Ball
1-0: Called Strike
1-1: Foul Ball, location: 2F
1-2: Strikes out swinging
Top of the 3rd over - 0 run(s), 0 hit(s), 0 error(s), 1 left on base; Menlo 3 - Bismark 0
BOTTOM OF THE 3RD
Bismark Border Guards batting - Pitching for Menlo Maniacs : RHP Michael Díaz
Batting: RHB Howard Russell 0-0: Ball
1-0: SINGLE (Groundball, 15S) (infield hit)
Batting: RHB Rodrigo García 0-0: Called Strike
0-1: Ball
1-1: Called Strike
1-2: Ball
2-2: Ball
3-2: SINGLE (Groundball, 56D)
Howard Russell to second
Batting: LHB José Delgado 0-0: Ball
1-0: Swinging Strike
1-1: Foul Ball, location: 2F
1-2: Strikes out swinging
Batting: RHB Alfredo Farías 0-0: Foul Ball, location: 2F
0-1: Foul Ball, location: 2F
0-2: Ball
1-2: Strikes out swinging
Batting: RHB Enrique Soto 0-0: Ball
1-0: DOUBLE (Line Drive, 7LM)
Howard Russell scores
Rodrigo García to third
Runner from 3rd tries for Home, SAFE, throw made home
Batting: RHB Leonard Harris 0-0: Swinging Strike
0-1: SINGLE (Line Drive, 34)
Enrique Soto to third
Runner from 3rd tries for Home, SAFE, throw made home
Leonard Harris to second
Batting: RHB Danny Spode 0-0: Ball
1-0: Swinging Strike
1-1: Swinging Strike
1-2: Hit by Pitch
Batting: RHB Rob Schmidt 0-0: Called Strike
0-1: Ball
1-1: Fielders Choice at 2nd, 4-6 (Groundball, 34)
Bottom of the 3rd over - 3 run(s), 4 hit(s), 0 error(s), 1 left on base; Menlo 3 - Bismark 3
TOP OF THE 4TH
Menlo Maniacs batting - Pitching for Bismark Border Guards : RHP Adrián Sandoval
Batting: LHB Frank Young 0-0: SINGLE (Line Drive, 6S) (infield hit)
Batting: SHB José Vélez 0-0: Called Strike
Frank Young steals 2nd base
0-1: Ball
1-1: Foul Ball, location: 2F
1-2: Ball
2-2: Foul Ball, location: 2F
2-2: Ball
3-2: Foul Ball, location: 2F
3-2: Strikes out swinging
Batting: SHB Chris Young 0-0: Called Strike
0-1: Ball
1-1: Ball
2-1: Ball
3-1: Base on Balls
Batting: RHB Manuel Alonso 0-0: Ball
1-0: Foul Ball, location: 2F
1-1: Ball
2-1: Called Strike
2-2: Ball
3-2: Foul Ball, location: 2F
3-2: Strikes out swinging
Batting: RHB Currito Campos 0-0: Fielders Choice at 2nd, 6-4 (Groundball, 6)
Top of the 4th over - 0 run(s), 1 hit(s), 0 error(s), 1 left on base; Menlo 3 - Bismark 3
BOTTOM OF THE 4TH
Bismark Border Guards batting - Pitching for Menlo Maniacs : RHP Michael Díaz
Batting: RHB José Vidal 0-0: Called Strike
0-1: Foul Ball, location: 2F
0-2: Ball
1-2: Foul Ball, location: 2F
1-2: Strikes out looking
Batting: RHB Howard Russell 0-0: Ball
1-0: Foul Ball, location: 2F
1-1: Ball
2-1: Ball
3-1: Base on Balls
Batting: RHB Rodrigo García 0-0: Foul Ball, location: 2F
0-1: Ball
1-1: Ball
2-1: Called Strike
2-2: Ball
3-2: Fly out, F9 (Flyball, 9LS)
Batting: LHB José Delgado 0-0: Called Strike
0-1: Ball
1-1: Ball
2-1: Ball
3-1: Fielders Choice at 2nd, U6 (Groundball, 6M)
Bottom of the 4th over - 0 run(s), 0 hit(s), 0 error(s), 1 left on base; Menlo 3 - Bismark 3
TOP OF THE 5TH
Menlo Maniacs batting - Pitching for Bismark Border Guards : RHP Adrián Sandoval
Batting: LHB Tim Ramsey 0-0: Called Strike
0-1: Called Strike
0-2: Ball
1-2: Ball
2-2: SINGLE (Line Drive, 3D)
Batting: LHB Bernardo Rodríguez 0-0: Ball
1-0: Foul Ball, location: 2F
1-1: Ball
2-1: Fly out, F6 (Popup, 6D)
Batting: RHB Clinton Barton 0-0: Swinging Strike
0-1: Foul Ball, location: 2F
0-2: Foul Ball, location: 2F
0-2: Fielders Choice at 2nd, 1-6 (Groundball, 13S)
Pitching: RHP Robert Alexander
Batting: LHB Tristan Walker 0-0: Swinging Strike
0-1: Foul Ball, location: 2F
0-2: Foul Ball, location: 2F
0-2: Foul Ball, location: 2F
0-2: Ball
Wild Pitch!
Clinton Barton to second
1-2: Strikes out swinging
Top of the 5th over - 0 run(s), 1 hit(s), 0 error(s), 1 left on base; Menlo 3 - Bismark 3
BOTTOM OF THE 5TH
Bismark Border Guards batting - Pitching for Menlo Maniacs : RHP Michael Díaz
Batting: RHB Alfredo Farías 0-0: Ball
1-0: DOUBLE (Line Drive, 7LS)
Batting: RHB Enrique Soto 0-0: Ball
1-0: Ball
2-0: Fly out, F8 (Flyball, 8LM)
Batting: RHB Leonard Harris 0-0: Ball
1-0: Called Strike
1-1: Foul Ball, location: 2F
1-2: Strikes out looking
Batting: RHB Danny Spode 0-0: Called Strike
0-1: Swinging Strike
0-2: Ball
1-2: Ball
2-2: Ball
3-2: Base on Balls
Batting: RHB Rob Schmidt 0-0: Ball
1-0: Fly out, F9 (Flyball, 9)
Bottom of the 5th over - 0 run(s), 1 hit(s), 0 error(s), 2 left on base; Menlo 3 - Bismark 3
TOP OF THE 6TH
Menlo Maniacs batting - Pitching for Bismark Border Guards : RHP Robert Alexander
Batting: LHB Frank Young 0-0: Ball
1-0: Swinging Strike
1-1: Ball
2-1: Ground out 3-1 (Groundball, 34)
Batting: SHB José Vélez 0-0: Ball
1-0: Ball
2-0: Fly out, F8 (Flyball, 8LXD)
Batting: SHB Chris Young 0-0: Ball
1-0: Foul Ball, location: 2F
1-1: Ball
2-1: Swinging Strike
2-2: Strikes out looking
Top of the 6th over - 0 run(s), 0 hit(s), 0 error(s), 0 left on base; Menlo 3 - Bismark 3
BOTTOM OF THE 6TH
Bismark Border Guards batting - Pitching for Menlo Maniacs : RHP Michael Díaz
Batting: RHB José Vidal 0-0: Ball
1-0: Foul Ball, location: 2F
1-1: Foul Ball, location: 2F
1-2: Strikes out swinging
Pitching: RHP Brad Small
Batting: RHB Howard Russell 0-0: SOLO HOME RUN (Line Drive, 7D), Distance : 376 ft
Batting: RHB Rodrigo García 0-0: Called Strike
0-1: Ball
1-1: Ball
2-1: Swinging Strike
2-2: Strikes out swinging
Batting: LHB José Delgado 0-0: Called Strike
0-1: Fly out, F9 (Flyball, 89M)
Bottom of the 6th over - 1 run(s), 1 hit(s), 0 error(s), 0 left on base; Menlo 3 - Bismark 4
TOP OF THE 7TH
Menlo Maniacs batting - Pitching for Bismark Border Guards : RHP Robert Alexander
Batting: RHB Manuel Alonso 0-0: Fly out, F5 (Line Drive, 5L)
Batting: RHB Currito Campos 0-0: Swinging Strike
0-1: Swinging Strike
0-2: Ball
1-2: Strikes out swinging
Batting: LHB Tim Ramsey 0-0: Swinging Strike
0-1: Called Strike
0-2: Strikes out swinging
Top of the 7th over - 0 run(s), 0 hit(s), 0 error(s), 0 left on base; Menlo 3 - Bismark 4
BOTTOM OF THE 7TH
Bismark Border Guards batting - Pitching for Menlo Maniacs : RHP Brad Small
Batting: RHB Alfredo Farías 0-0: Ball
1-0: Foul Ball, location: 2F
1-1: Swinging Strike
1-2: Strikes out swinging
Batting: RHB Enrique Soto 0-0: Called Strike
0-1: Called Strike
0-2: Ball
1-2: Strikes out looking
Batting: RHB Leonard Harris 0-0: Ball
1-0: Foul Ball, location: 2F
1-1: Foul Ball, location: 2F
1-2: Foul Ball, location: 2F
1-2: SINGLE (Flyball, 8LS)
Pinch Hitting: RHB Vincent Braun 0-0: Ball
1-0: Foul Ball, location: 2F
1-1: Ball
2-1: Called Strike
2-2: Ball
3-2: Ground out 6-3 (Groundball, 6)
Bottom of the 7th over - 0 run(s), 1 hit(s), 0 error(s), 1 left on base; Menlo 3 - Bismark 4
TOP OF THE 8TH
Menlo Maniacs batting - Pitching for Bismark Border Guards : RHP Robert Alexander
Pitching: RHP Beau Murphy
Now at 1B: Vicente Pagán
Batting: LHB Bernardo Rodríguez 0-0: Ball
1-0: Ball
2-0: Called Strike
2-1: Ball
3-1: Base on Balls
Pinch Hitting: LHB Robby Lawson 0-0: Called Strike
0-1: Reached on error, E5 (Groundball, 5L)
Bernardo Rodríguez to second
Pinch Hitting: RHB José Méndez 0-0: Sac Bunt - play at first, batter OUT! 1-4
Bernardo Rodríguez to third
Robby Lawson to second
Batting: LHB Frank Young 0-0: Called Strike
0-1: Ball
1-1: Ball
2-1: Ball
3-1: Base on Balls
Pinch Hitting: SHB Ryan Holcomb 0-0: Foul Ball, location: 2F
0-1: Foul Ball, location: 2F
0-2: Foul Ball, location: 2F
0-2: Strikes out swinging
Batting: SHB Chris Young 0-0: Called Strike
0-1: Ball
1-1: Ball
2-1: Swinging Strike
2-2: DOUBLE (Line Drive, 7LM)
Bernardo Rodríguez scores
Robby Lawson scores
Frank Young to third
Runner from 3rd tries for Home, SAFE, no throw
Pitching: RHP Tony Baltazar
Batting: RHB Manuel Alonso 0-0: Ground out 1-3 (Groundball, 13)
Top of the 8th over - 3 run(s), 1 hit(s), 1 error(s), 1 left on base; Menlo 6 - Bismark 4
BOTTOM OF THE 8TH
Bismark Border Guards batting - Pitching for Menlo Maniacs : RHP Brad Small
Now at 2B: Miguel González
Now at 3B: Dani Torres
Now in CF: Ryan Holcomb
Batting: RHB Rob Schmidt 0-0: Fly out, F8 (Flyball, 8LM)
Batting: RHB José Vidal 0-0: Ball
1-0: Ball
2-0: Ball
3-0: Called Strike
3-1: Foul Ball, location: 2F
3-2: Base on Balls
Pitching: RHP José Ramírez
Batting: RHB Howard Russell 0-0: Foul Ball, location: 2F
0-1: Ball
1-1: Grounds into double play, 1-4-3 (Groundball, 15S)
Bottom of the 8th over - 0 run(s), 0 hit(s), 0 error(s), 0 left on base; Menlo 6 - Bismark 4
TOP OF THE 9TH
Menlo Maniacs batting - Pitching for Bismark Border Guards : RHP Tony Baltazar
Batting: RHB Currito Campos 0-0: Called Strike
0-1: Foul Ball, location: 2F
0-2: Ball
1-2: Ball
2-2: Fly out, F4 (Popup, 34)
Batting: LHB Tim Ramsey 0-0: Ball
1-0: Ball
2-0: Foul Ball, location: 2F
2-1: Called Strike
2-2: Strikes out swinging
Batting: LHB Bernardo Rodríguez 0-0: Foul Ball, location: 2F
0-1: Ball
1-1: Fly out, F5 (Popup, 56)
Top of the 9th over - 0 run(s), 0 hit(s), 0 error(s), 0 left on base; Menlo 6 - Bismark 4
BOTTOM OF THE 9TH
Bismark Border Guards batting - Pitching for Menlo Maniacs : RHP José Ramírez
Pitching: LHP Joe Jenkins
Batting: RHB Rodrigo García 0-0: Ball
1-0: SINGLE (Groundball, 6MD)
Pinch Runner at 1st Juan Viera:
Batting: LHB José Delgado 0-0: Swinging Strike
0-1: Ball
1-1: Fly out, F2 (Popup, 5S)
Pinch Hitting: RHB Jeremiah Soto 0-0: Ground out 5-3 (Groundball, 5S)
Juan Viera to second
Batting: RHB Enrique Soto 0-0: Ball
1-0: Ball
2-0: Ground out 5-3 (Groundball, 2L)
Bottom of the 9th over - 0 run(s), 1 hit(s), 0 error(s), 1 left on base; Menlo 6 - Bismark 4
Tuesday, August 8th, 2017 - OOTP Baseball 17.12 Build 75